 Dungeon Crawl Stone Soup version 0.30-a0-1103-g25895a7845 (webtiles) character file.

Game seed: 2371115770994701795

7 gelatine the Chopper (level 1, 0/16 HPs)
             Began as a Demonspawn Gladiator on Apr 19, 2023.
             Slain by a gnoll
             ... wielding a +0 club
              (3 damage)
             ... on level 1 of the Dungeon.
             The game lasted 00:00:16 (119 turns).

gelatine the Chopper (Demonspawn Gladiator)          Turns: 119, Time: 00:00:18

Health: 0/16       AC:  4    Str: 14    XL:     1   Next: 91%
Magic:  1/1        EV: 12    Int:  9    God:
Gold:   34         SH:  0    Dex: 14    Spells: 0/0 levels left

rFire   . . .      SeeInvis .    a - +0 war axe
rCold   . . .      Faith    .    (no shield)
rNeg    . . .      Spirit   .    b - +0 leather armour
rPois   .          Reflect  .    c - +0 helmet
rElec   .          Rampage  .    (no cloak)
rCorr   .                        (no gloves)
Will    .....                    (no boots)
Stlth   +                        (no amulet)
HPRegen 0.22/turn                (no ring)
MPRegen 0.07/turn                (no ring)

@: no status effects
A: no striking features
a: no special abilities


You were on level 1 of the Dungeon.
You visited 1 branch of the dungeon, and saw 1 of its levels.

You collected 34 gold pieces.

Inventory:

Hand Weapons
 a - a +0 war axe (weapon)
Missiles
 d - 3 throwing nets (quivered)
 e - a javelin
Armour
 b - a +0 leather armour (worn)
 c - a +0 helmet (worn)
Scrolls
 f - a scroll of identify {unknown}
Potions
 g - a potion of cancellation {unknown}


   Skills:
 + Level 2.0 Fighting
 + Level 2.9 Axes
 + Level 1.8 Throwing
 + Level 2.9 Dodging


You couldn't memorise any spells.
You didn't know any spells.
Your spell library was empty.

Dungeon Overview and Level Annotations

Branches:
Dungeon (1/15)

Altars:


Message History

You kill the goblin!
You see here a +0 dagger.
You now have 17 gold pieces.
A rat comes into view.
You see here a smoky clear potion.
A quokka comes into view.
The rat bites you but does no damage.
You slash the rat!
You kill the rat!
You see here a rat corpse.
A quokka is nearby!
The quokka twitches its whiskers.
The quokka barely misses you.
You hit the quokka.
The quokka is severely wounded.
The quokka barely misses you. The quokka closely misses you.
You hit the quokka.
You kill the quokka!
You see here a rat corpse.
g - a smoky clear potion You now have 34 gold pieces (gained 17).
A hobgoblin comes into view.
The hobgoblin shouts!
You hit the hobgoblin.
The hobgoblin is almost dead.
The hobgoblin hits you but does no damage.
You hit the hobgoblin.
You kill the hobgoblin!
A gnoll comes into view. It is wielding a +0 club.
Found 9 stones.
The gnoll completely misses you.
You closely miss the gnoll. The gnoll hits you with a +0 club.
You closely miss the gnoll. The gnoll hits you but does no damage.
You completely miss the gnoll. You punch the gnoll.
The gnoll is lightly wounded.
The gnoll hits you with a +0 club!
Ouch! That really hurt!
* * * LOW HITPOINT WARNING * * *
The gnoll hits you with a +0 club.
You die...

#.#.# #. .......
#.#.# #. .....
#.#.# #. ..(..
#.#.# #. ...
#.#.###. ...
........ #.#
########. #g# #..
#@# #.# #.# #.#
#.# ###.#
#.######### #....
#.........####.###
#########......# #
######.### #....
###..


You could see a gnoll.

Vanquished Creatures
  An endoplasm (D:1)
  A goblin (D:1)
  2 hobgoblins (D:1)
  A quokka (D:1)
  A rat (D:1)
6 creatures vanquished.

Notes
Turn   | Place    | Note
-------+----------+-------------------------------------------
     0 | D:1      | gelatine the Demonspawn Gladiator began the quest for the
                  | Orb.
     0 | D:1      | Reached XP level 1. HP: 16/16 MP: 1/1
   119 | D:1      | Slain by a gnoll

Illustrated notes

Levels and vault maps discovered:
D:1:      wander_arrival_desolate, layout_loops_ring, minmay_pentomino_u4

Action                     || total
---------------------------++-------
  Melee: War axe           ||    11
         Punch             ||     1
 Armour: Leather armour    ||     3
  Dodge: Dodged            ||     5

Table legend: (Time is in decaauts)
 A = Elapsed time spent in this place.
 B = Non-inter-level travel time spent in this place.
 C = Inter-level travel time spent in this place.
 D = Time resting spent in this place.
 E = Time spent auto-exploring this place.
 F = Levels seen in this place.
 G = Mean time per level.
                   A        B        C        D        E       F      G
               +--------+--------+--------+--------+--------+-----+--------+
         Total |    122 |    122 |      0 |      0 |     82 |   1 |  122.0 |
       Dungeon |    122 |    122 |      0 |      0 |     82 |   1 |  122.0 |
               +--------+--------+--------+--------+--------+-----+--------+

Top non-repeatable levels by time:
     D:1: 122 daAuts
